AoeStats
← Josmarpi

Arabia

509664528Analyzed
2v2 RM · 5d ago on Sep 27, 2026· 52m 12s· 4 players
Game mode
Random Map
Map size
Medium (4 player)
Population
200
Speed
Normal
Resources
Standard
Victory
Conquest
Starting age
Dark Age
Ending age
Imperial Age
RankedLock teamsTeams togetherTeam positionsShared explorationLock speedFull tech treeHidden civsTurbo modeCheats
Victory
Defeat
🇬🇧 Wei · United Kingdom
823
+10
🇨🇳 Huns · China
820
+11
🇨🇱 Danes · Chile
781
-13
🇻🇪 Wei · Venezuela
614
-19
31545054
1:37 Loom
12:18 Feudal Age
20:24 Castle Age
18:49 Bloodlines
19:39 Forging
19:35 Scale Barding Armor
21:23 Husbandry
22:45 Iron Casting
23:42 Chain Barding Armor
24:38 Horse Collar
38:14 Imperial Age
37:17 Wheelbarrow
39:19 Conscription
38:33 Cavalier
40:41 Blast Furnace
40:17 Plate Barding Armor
39:47 Gold Mining
40:07 Paladin
48:30 Spies/Treason
MadmanMike91
10:06 Feudal Age
8:55 Loom
11:17 Double-Bit Axe
11:30 Horse Collar
15:40 Gold Mining
15:57 Fletching
21:57 Padded Archer Armor
24:17 Castle Age
23:51 Forging
23:47 Scale Barding Armor
25:10 Bow Saw
25:12 Thumb Ring
28:46 Murder Holes
33:08 Imperial Age
31:58 Husbandry
32:10 Bloodlines
32:47 Heavy Plow
36:09 Parthian Tactics
39:06 Chemistry
40:04 Ballistics
40:10 Stone Mining
40:55 Crop Rotation
40:30 Bodkin Arrow
42:12 Gold Shaft Mining
42:12 Stone Shaft Mining
47:12 Wheelbarrow
48:56 Hand Cart
48:47 Bracer
49:03 Leather Archer Armor
49:08 Chain Barding Armor
49:24 Iron Casting
50:03 Treadmill Crane
50:34 Masonry
50:35 Caravan
50:58 Light Cavalry
52:13 Ring Archer Armor
51:41 Guard Tower
51:14 Onager
Josmarpi
11:11 Feudal Age
11:51 Double-Bit Axe
16:22 Town Watch
16:26 Loom
17:39 Forging
23:15 Castle Age
24:21 Scale Mail Armor
24:24 Padded Archer Armor
24:18 Fletching
26:16 Elite Skirmisher
29:56 Leather Archer Armor
39:57 Murder Holes
40:58 Wheelbarrow
41:26 Fervor
41:36 Sanctity
48:59 Pikeman
49:40 Squires
Jenson
5:01 Loom
12:09 Feudal Age
13:38 Wheelbarrow
12:53 Double-Bit Axe
18:12 Castle Age
17:08 Horse Collar
19:30 Hand Cart
19:56 Gold Mining
21:52 Fletching
22:02 Padded Archer Armor
23:25 Bodkin Arrow
24:39 Heavy Plow
27:01 Town Watch
28:45 Town Patrol
29:42 Bow Saw
31:35 Murder Holes
34:17 Hamask
39:57 Imperial Age
37:26 Crossbowman
40:11 Thumb Ring
40:15 Guard Tower
40:31 Scale Mail Armor
40:42 Forging
43:19 Chemistry
Connection lost

Rejoining the realm…

Still unreachable

The connection could not be restored.

Session expired

The server has moved on; the page needs a fresh start.